 Dungeon Crawl Stone Soup version 0.31-a0-1612-g4aaf141004 (webtiles) character file.

Game seed: 341077428099344578

19420 grandjackal the Fighter (level 12, 0/154 HPs)
             Began as a Demonspawn Gladiator on Jan 9, 2024.
             Was a Priest of Trog.
             Slain by a 13-headed hydra (6 damage)
             ... on level 12 of the Dungeon.
             The game lasted 00:16:23 (14127 turns).

grandjackal the Fighter (Demonspawn Gladiator)     Turns: 14127, Time: 00:16:23

Health: 0/154      AC: 11    Str: 19    XL:     12   Next: 36%
Magic:  21/21      EV: 14    Int:  6    God:    Trog [***...]
Gold:   891        SH:  0    Dex: 16    Spells: 11/11 levels left

rFire   . .          .
                       - Unarmed
rCold   + . .        (no shield)
rNeg    + + .        f - +2 scale mail {rC+}
rPois   +            r - +2 hat
rElec   .            n - +0 cloak
rCorr   +            (gloves unavailable)
SInv    .            (no boots)
Will    +++..        G - amulet of the acrobat Stlth
                     B - ring of Beogh's Hope {rN++ Will+++ rCorr MP+9 Int-2}
HPRegen 0.45/turn    A - ring of poison resistance
MPRegen 0.34/turn

%: acrobat
@: mighty, berserking, very quick
A: claws 3, repulsion field 2, powered by death 1, magic regeneration
a: Renounce Religion, Berserk, Trog's Hand


You were on level 12 of the Dungeon.
You worshipped Trog.
Trog was most pleased with you.
You visited 1 branch of the dungeon, and saw 12 of its levels.
You also visited: Sewer and Ice Cave.

You collected 891 gold pieces.

Inventory:

Missiles
 d - 2 throwing nets (quivered)
 e - 6 javelins
 g - a curare-tipped dart
 m - 18 poisoned darts
Armour
 c - a +0 helmet
 f - a +2 scale mail of cold resistance (worn)
 n - a +0 cloak (worn)
 r - a +2 hat (worn)
 z - +1 acid dragon scales
Jewellery
 s - a ring of fire
 t - a ring of resist corrosion
 y - a ring of protection from cold
 A - a ring of poison resistance (right claw)
 B - the ring of Beogh's Hope (left claw) {rN++ Will+++ rCorr MP+9 Int-2}
   (You found it on level 7 of the Dungeon)

   [ring of magical power]

   Int-2:     It affects your intelligence (-2).
   rN++:      It greatly protects you from negative energy.
   Will+++:   It greatly increases your willpower.
   MP+9:      It affects your magic capacity (+9).
   rCorr:     It protects you from acid and corrosion.
 G - an amulet of the acrobat (around neck)
Wands
 q - a wand of iceblast (7)
 w - a wand of flame (7)
 M - a wand of polymorph (4)
Scrolls
 a - a scroll of fog
 b - 2 scrolls of enchant armour {unknown}
 i - 2 scrolls of enchant weapon
 v - a scroll of blinking
 x - 2 scrolls of immolation {unknown}
 C - a scroll of vulnerability
 H - 3 scrolls of amnesia {unknown}
 I - a scroll of poison {unknown}
 K - a scroll of butterflies {unknown}
Potions
 h - 3 potions of haste
 j - 3 potions of cancellation
 k - 2 potions of mutation
 l - 5 potions of lignification
 o - a potion of magic
 p - a potion of enlightenment
 u - 3 potions of might
 D - 4 potions of curing
 E - 3 potions of heal wounds
 F - 2 potions of ambrosia
 J - a potion of resistance
 L - a potion of attraction {unknown}
 N - a potion of berserk rage {unknown}


   Skills:
 + Level 12.8 Fighting
 - Level 2.8 Maces & Flails
 + Level 9.9 Throwing
 - Level 3.0 Dodging
 + Level 11.4 Unarmed Combat


You had 11 spell levels left.
You didn't know any spells.
Your spell library contained the following spells:

 Spells                   Type           Power      Damage    Failure   Level
 Call Imp                 Summ           0%         N/A       94%         2
 Ensorcelled Hibernation  Hex/Ice        0%         N/A       94%         2
 Sublimation of Blood     Necr           0%         N/A       94%         2
 Fugue of the Fallen      Necr           0%         N/A       99%         3
 Anguish                  Hex/Necr       0%         N/A       100%        4
 Summon Hydra             Summ           0%         N/A       100%        7


Dungeon Overview and Level Annotations

Branches:
Dungeon (12/15)            Temple (0/1) D:7            Lair (0/5) D:8
    Orc (0/2) D:11          Sewer (visited)           IceCv (visited)

Altars:
Gozag
Hepliaklqana
Kikubaaqudgha
Makhleb
Sif Muna
Trog
Uskayaw

Portals:
Trove: D:10 (give +5 demon trident)


Innate Abilities, Weirdness & Mutations

You have claws for hands.
You are surrounded by a moderate repulsion field. (EV +3)
You regenerate a little health from kills.
You regenerate magic rapidly.


Message History

You claw the 11-headed hydra!
The 11-headed hydra is severely wounded.
You completely miss the 11-headed hydra.
The 11-headed hydra is severely wounded.
Something hits you but does no damage. The 11-headed hydra bites you.
* * * LOW HITPOINT WARNING * * *
The 11-headed hydra bites you.
* * * LOW HITPOINT WARNING * * *
The 11-headed hydra bites you.
* * * LOW HITPOINT WARNING * * *
The 11-headed hydra closely misses you.
The 11-headed hydra bites you but does no damage.
The 11-headed hydra bites you.
* * * LOW HITPOINT WARNING * * *
The 11-headed hydra bites you but does no damage.
The 11-headed hydra barely misses you. The 11-headed hydra bites you.
* * * LOW HITPOINT WARNING * * *
The 11-headed hydra closely misses you. The 11-headed hydra barely misses you.
You tear one of the 11-headed hydra's heads off!
The ten-headed hydra grows two more!
You claw the 12-headed hydra!
The 12-headed hydra is severely wounded.
You claw one of the 12-headed hydra's heads off!
The 11-headed hydra grows two more!
You mangle the 13-headed hydra!!
The 13-headed hydra is almost dead.
Something hits you but does no damage.
The orc hits you with a +2 falchion of holy wrath.
* * * LOW HITPOINT WARNING * * *
You convulse.
* * * LOW HITPOINT WARNING * * *
The 13-headed hydra misses you. The 13-headed hydra bites you.
* * * LOW HITPOINT WARNING * * *
The 13-headed hydra bites you but does no damage.
The 13-headed hydra misses you. The 13-headed hydra barely misses you.
The 13-headed hydra bites you.
* * * LOW HITPOINT WARNING * * *
The 13-headed hydra bites you.
* * * LOW HITPOINT WARNING * * *
The 13-headed hydra bites you but does no damage.
The 13-headed hydra closely misses you. The 13-headed hydra bites you.
You die...

'......#. #....<...#
#.#......#
#........# ......#.#
#..#......#
......D{o.# #@..#
#.#.# ##########
#...# ###........#
#...# #.#.....##.#
#.#.# #.#........#
##...#
##.##.....#'###....#
....#.....#...#.##.#
....#.....#...#...<#


You could see a 13-headed hydra and an orc.

Vanquished Creatures
  2 two-headed ogres
  Pikel (D:7)
  2 ugly things
  A cyclops (D:12)
  Joseph (D:7)
  3 ice statues (IceCv)
  An unseen horror (D:11)
  Maggie (D:7)
  A freezing wraith (IceCv)
  2 trolls
  3 slime creatures (D:10)
  Sigmund (D:2)
  A shadow (D:12)
  A human (D:11)
  38 yaks
  7 wyverns
  4 steam dragons
  A warg (D:11)
  A basilisk (D:12)
  2 death yak simulacra (IceCv)
  4 vampire mosquitoes (D:12)
  4 acid dragons
  2 hydra simulacra (IceCv)
  6 water moccasins
  2 orc warriors
  2 ice beasts
  A sky beast (D:6)
  6 centaurs (D:11)
  A lemure (D:7)
  A phantom (D:4)
  4 kobold brigands
  3 gnoll sergeants
  A brain worm (Sewer)
  A bullfrog (D:9)
  2 scorpions
  A cane toad simulacrum (IceCv)
  9 wights
  5 killer bees (D:9)
  6 howler monkeys
  A gnoll bouda (D:7)
  4 hounds
  Crazy Yiuf (D:2)
  A jelly (D:6)
  9 orc priests
  2 sleepcaps
  3 iguanas
  7 orc wizards
  2 wolf simulacra (IceCv)
  21 gnolls
  A river rat (Sewer)
  14 adders
  A shadow imp (D:6)
  2 ufetubi (D:6)
  2 dart slugs
  5 ribbon worms
  35 orcs
  14 ball pythons
  5 bats
  12 endoplasms
  9 giant cockroaches
  11 goblins
  12 hobgoblins
  A jackal (D:5)
  16 kobolds
  6 quokkas
  3 frilled lizards
  8 rats
343 creatures vanquished.

Notes
Turn   | Place    | Note
-------+----------+-------------------------------------------
     0 | D:1      | grandjackal the Demonspawn Gladiator began the quest for
                  | the Orb.
     0 | D:1      | Reached XP level 1. HP: 16/16 MP: 1/1
   110 | D:1      | Gained mutation: You have sharp fingernails. [demonic
                  | ancestry]
   110 | D:1      | Reached XP level 2. HP: 18/22 MP: 2/2
   682 | D:2      | Reached XP level 3. HP: 28/28 MP: 3/3
   684 | D:2      | Found a bloodstained altar of Trog.
   744 | D:2      | Reached skill level 1 in Unarmed Combat
   787 | D:2      | Noticed Sigmund
   808 | D:2      | Killed Sigmund
   809 | D:2      | Reached skill level 4 in Fighting
   809 | D:2      | Reached XP level 4. HP: 27/37 MP: 4/4
   809 | D:2      | Reached XP level 5. HP: 30/42 MP: 5/5
   868 | D:2      | Identified the +0 robe of the Nexus {Int+6}
  1283 | D:2      | Found a runed translucent door.
  1284 | D:2      | Noticed Crazy Yiuf
  1786 | D:2      | Killed Crazy Yiuf
  1960 | D:3      | Found a glowing drain.
  2015 | Sewer    | Entered a sewer
  2050 | Sewer    | Gained mutation: You have very sharp fingernails. [demonic
                  | ancestry]
  2050 | Sewer    | Reached XP level 6. HP: 41/49 MP: 6/6
  2618 | Sewer    | Reached skill level 5 in Fighting
  2835 | Sewer    | Gained mutation: You have claws for hands. [demonic
                  | ancestry]
  2835 | Sewer    | Reached XP level 7. HP: 10/56 MP: 4/7
  3926 | D:4      | Reached skill level 6 in Fighting
  3926 | D:4      | Reached skill level 5 in Unarmed Combat
  4829 | D:5      | Entered Level 5 of the Dungeon
  4916 | D:5      | Gained mutation: You regenerate a little health from kills.
                  | [demonic ancestry]
  4916 | D:5      | Reached XP level 8. HP: 65/65 MP: 8/8
  4966 | D:5      | Reached skill level 7 in Fighting
  5344 | D:5      | Found an ancient bone altar of Kikubaaqudgha.
  5344 | D:5      | Found an opulent altar of Gozag.
  5442 | D:2      | Became a worshipper of Trog the Wrathful
  6113 | D:7      | Noticed Pikel
  6115 | D:7      | Found a staircase to the Ecumenical Temple.
  6141 | D:7      | Killed Pikel
  6142 | D:7      | Reached skill level 8 in Fighting
  6142 | D:7      | Reached XP level 9. HP: 52/74 MP: 9/9
  6230 | D:7      | Noticed Maggie
  6239 | D:7      | Killed Maggie
  6385 | D:7      | Identified the ring of Beogh's Hope {rN++ Will+++ rCorr
                  | MP+9 Int-2}
  6439 | D:7      | Reached * piety under Trog
  6451 | D:7      | Found a shimmering blue altar of Sif Muna.
  6533 | D:7      | Found a burning altar of Makhleb.
  6543 | D:7      | Found a hazy altar of Hepliaklqana.
  6762 | D:7      | Noticed Joseph
  6776 | D:7      | Killed Joseph
  6777 | D:7      | Reached skill level 5 in Throwing
  7113 | D:8      | Reached skill level 9 in Fighting
  7300 | D:8      | Gained mutation: You are surrounded by a mild repulsion
                  | field. (EV +2) [demonic ancestry]
  7300 | D:8      | Reached XP level 10. HP: 43/83 MP: 10/10
  7544 | D:8      | Reached skill level 10 in Fighting
  7648 | D:8      | Found a staircase to the Lair.
  7731 | D:8      | Found a hide-covered altar of Uskayaw.
  7761 | D:8      | You fall into a shaft and drop 3 floors!
  7885 | D:11     | Reached ** piety under Trog
  7905 | D:11     | Found a staircase to the Orcish Mines.
  7945 | D:11     | Noticed a two-headed ogre
  7987 | D:11     | Killed a two-headed ogre
  8279 | D:11     | Gained mutation: You regenerate magic rapidly. [demonic
                  | ancestry]
  8279 | D:11     | Reached XP level 11. HP: 73/92 MP: 11/11
  8351 | D:11     | Found a frozen archway.
  8362 | IceCv    | Entered an ice cave
  8376 | IceCv    | Reached skill level 11 in Fighting
  8393 | IceCv    | Noticed a white ugly thing
  8416 | IceCv    | Killed a white ugly thing
  9546 | IceCv    | Reached skill level 10 in Unarmed Combat
 10223 | D:10     | Entered Level 10 of the Dungeon
 11422 | D:9      | Reached *** piety under Trog
 11772 | D:9      | Reached skill level 12 in Fighting
 12386 | D:10     | Gained mutation: You are surrounded by a moderate repulsion
                  | field. (EV +3) [demonic ancestry]
 12386 | D:10     | Reached XP level 12. HP: 102/102 MP: 12/12
 12539 | D:10     | Noticed a two-headed ogre
 12545 | D:10     | Killed a two-headed ogre
 12898 | D:10     | Found a portal to a secret trove of treasure.
 14111 | D:12     | Noticed a seven-headed hydra
 14127 | D:12     | HP: 6/154 [13-headed hydra (5)]
 14127 | D:12     | Slain by a 13-headed hydra

Illustrated notes

Levels and vault maps discovered:
D:1:      psy_arrival_terrarium, layout_basic
D:2:      layout_basic, basic_altar, serial_glass, glass_columns_a,
          glass_columns_c, kennysheep_generic_room_10, uniq_crazy_yiuf_cottage,
          uniq_sigmund
D:3:      layout_basic, cheibrodos_sewer_entry_drain
D:4:      minmay_thinvault, layout_loops_corners
D:5:      layout_cave_pools, gammafunk_temple_overflow_wave,
          minmay_chambers_of_fives
D:6:      layout_rooms, st_stairs_10
D:7:      layout_cave_pods, grunt_temple_overflow_open,
          minmay_temple_entry_crystal_x, uniq_pikel, uniq_maggie, uniq_joseph
D:8:      layout_basic, nicolae_uskayaw_suspiria, minmay_lair_entry_grove
D:9:      layout_long_grid, minmay_tree_intersection
D:10:     layout_cave_pods, nicolae_trove_entry_diagonal
D:11:     layout_gridville, erik_orc_4, portal_ice_cave_entry_pillars_1
D:12:     layout_stronghold, uniq_kirke

Skill      XL: |  1  2  3  4  5  6  7  8  9 10 11 |
---------------+----------------------------------+-----
Throwing       | 2 4 5 7 9 |  9.9
Dodging        | 3 |  3.0
Unarmed Combat | 2 3 4 5 7 8 9 11 | 11.4
Fighting       | 4 5 6 8 9 10 12 | 12.8
Maces & Flails | |  2.8

Action                     |  1- 3 |  4- 6 |  7- 9 | 10-12 || total
---------------------------+-------+-------+-------+-------++-------
  Melee: Flail             |    90 |   216 |       |       ||   306
         Punch             |     2 |     4 |    16 |    48 ||    70
         Unarmed           |       |    38 |   343 |   545 ||   926
  Throw: Throwing net      |       |     2 |       |       ||     2
 Invoke: Berserk           |       |       |     2 |    12 ||    14
         Trog's Hand       |       |       |       |     2 ||     2
  Evoke: Wand              |       |       |     5 |     3 ||     8
    Use: Potion            |       |     3 |     1 |     2 ||     6
         Scroll            |       |       |     7 |     7 ||    14
   Stab: Held in net/web   |       |     2 |       |       ||     2
 Armour: Scale mail        |    48 |   144 |   152 |   423 ||   767
         Leather armour    |     1 |       |       |       ||     1
         Acid dragon scale |       |       |    74 |    27 ||   101
  Dodge: Dodged            |    52 |   124 |   180 |   353 ||   709

Table legend: (Time is in decaauts)
 A = Elapsed time spent in this place.
 B = Non-inter-level travel time spent in this place.
 C = Inter-level travel time spent in this place.
 D = Time resting spent in this place.
 E = Time spent auto-exploring this place.
 F = Levels seen in this place.
 G = Mean time per level.
                   A        B        C        D        E       F      G
               +--------+--------+--------+--------+--------+-----+--------+
         Total |  14282 |  13575 |    707 |   3006 |   7827 |  14 | 1020.1 |
       Dungeon |  11781 |  11074 |    707 |   1648 |   7344 |  12 |  981.8 |
         Sewer |   1201 |   1201 |      0 |    355 |    482 |   1 | 1201.0 |
      Ice Cave |   1299 |   1299 |      0 |   1002 |      0 |   1 | 1299.0 |
               +--------+--------+--------+--------+--------+-----+--------+

Top non-repeatable levels by time:
    D:10: 1341 daAuts
   IceCv: 1299 daAuts
     D:2: 1266 daAuts
     D:8: 1238 daAuts
   Sewer: 1201 daAuts
     D:7: 1187 daAuts
     D:4: 1139 daAuts
    D:11: 1133 daAuts
     D:9: 955 daAuts
     D:3: 880 daAuts
    D:12: 851 daAuts
     D:1: 663 daAuts
     D:5: 563 daAuts
     D:6: 560 daAuts
